 Dungeon Crawl Stone Soup version 0.28-a0-1334-g1c9ffb4daf (webtiles) character file.

Game seed: 12388342844761230234

90 Lekart the Skirmisher (level 4, -3/37 (40) HPs)
             Began as a Draconian Chaos Knight on Dec 28, 2021.
             Was a Plaything of Xom.
             Slain by Natasha (7 damage)
             ... on level 2 of the Dungeon.
             The game lasted 00:02:51 (1700 turns).

Lekart the Skirmisher (Draconian Chaos Knight)      Turns: 1700, Time: 00:02:51

HP:   -3/37 (40)    AC:  5    Str: 14    XL:     4   Next: 32%
MP:   4/4           EV: 12    Int: 12    God:    Xom [...*..]
Gold: 80            SH:  0    Dex: 13    Spells: 3/3 levels left

rFire   . . .      SeeInvis .   a - +0 hand axe (chaos)
rCold   + . .      Faith    .   (no shield)
rNeg    . . .      Spirit   .   (armour unavailable)
rPois   .          Reflect  .   (helmet restricted)
rElec   .          Harm     .   (no cloak)
rCorr   .          Rampage  .   (no gloves)
Will    .....                   (no boots)
Stlth   +.........              (no amulet)
HPRegen 0.12/turn               b - ring of protection from cold
MPRegen 0.09/turn               (no ring)

@: drained
A: AC +5, unfitting armour, cold-blooded
a: Renounce Religion


You were on level 2 of the Dungeon.
You worshipped Xom.
You were a favourite toy of Xom.
You visited 1 branch of the dungeon, and saw 2 of its levels.

You collected 80 gold pieces.

Inventory:

Hand Weapons
 a - a +0 hand axe of chaos (weapon)
Jewellery
 b - a ring of protection from cold (left hand)
Scrolls
 c - a scroll of holy word {unknown}
 e - a scroll of acquirement {unknown}
 f - 2 scrolls of immolation {unknown}
 h - a scroll of noise {unknown}
Potions
 d - a potion of curing
 g - a potion of heal wounds {unknown}


   Skills:
 + Level 4.2 Fighting
 + Level 4.1 Axes
 + Level 2.5 Dodging
 + Level 0.6 Stealth


You had 3 spell levels left.
You didn't know any spells.
Your spell library contained the following spells:

 Spells                   Type           Power      Damage    Failure   Level
 Animate Skeleton         Necr           0%         N/A       32%         1
 Apportation              Tloc           0%         N/A       32%         1
 Foxfire                  Conj/Fire      0%         2x1d4     32%         1
 Summon Small Mammal      Summ           0%         N/A       32%         1
 Conjure Flame            Conj/Fire      0%         6-21      69%         3
 Inner Flame              Hex/Fire       0%         N/A       69%         3
 Tukima's Dance           Hex            0%         N/A       69%         3
 Flame Wave               Conj/Fire      0%         2d4       97%         4
 Passage of Golubria      Tloc           0%         N/A       97%         4
 Yara's Violent Unravell  Hex/Tmut       0%         3d3       100%        5


Dungeon Overview and Level Annotations

Branches:
Dungeon (2/15)

Altars:
Cheibriados

Annotations:
D:2 Natasha


Innate Abilities, Weirdness & Mutations

Your plain brown scales are hard. (AC +5)
You cannot fit into any form of body armour.
You are cold-blooded and may be slowed by cold attacks.


Message History

The iron imp is lightly wounded.
Natasha rages.
The iron imp hits you!
You barely miss Natasha.
Natasha is severely wounded.
You hit the iron imp but do no damage.
Space warps around the iron imp.
The iron imp hits you but does no damage.
Natasha barely misses you.
You barely miss Natasha.
Natasha is severely wounded.
You closely miss the iron imp. Natasha misses you. The iron imp hits you!
* * * LOW HITPOINT WARNING * * *
You are too injured to fight recklessly!
You are too injured to fight recklessly!
You are too injured to fight recklessly!
You are too injured to fight recklessly!
You are too injured to fight recklessly!
You are too injured to fight recklessly!
You are too injured to fight recklessly!
You are too injured to fight recklessly!
You are too injured to fight recklessly!
You are too injured to fight recklessly!
You are too injured to fight recklessly!
You are too injured to fight recklessly!
You are too injured to fight recklessly!
You are too injured to fight recklessly!
You are too injured to fight recklessly!
You are too injured to fight recklessly!
You are too injured to fight recklessly!
You are too injured to fight recklessly!
It was a potion of curing.
You feel better. The iron imp hits you!
* * * LOW HITPOINT WARNING * * *
The iron imp barely misses you.
You catch the helpless Natasha completely off-guard!
You hit Natasha. You freeze Natasha.
Natasha is almost dead.
You hit the iron imp but do no damage.
Natasha seems less confused.
Natasha claws you!
You die...
Xom thinks this is hilarious!

##.(......<..#.#.#####.#######.#.
.............#.......#.........#.
###........#.#.......'.........#.
.....###.#.#.#.......#.........#.
########...#.####.####.........#.
.......................).........
.......#......###.####........###
####.............5# #........#
................@.## #........# #
###......##....h...###....P...# #
###....#.##.#####............♣# #
#........##.######............♣##
#.......###.#............P..P...#
#...........#.#####.#####...≈≈..P
############# #..# #.≈≈≈†≈..
##.## #♣♣♣≈≈≈≈. #..# #.♣≈≈≈♣≈♣


You could see an iron imp (summoned, strong) and Natasha (berserk).

Vanquished Creatures
  2 worms (D:2)
  A dart slug (D:1)
  2 ball pythons (D:1)
  4 endoplasms
  5 giant cockroaches
  5 goblins
  6 hobgoblins
  6 jackals
  A quokka (D:2)
  7 bats
  5 frilled lizards
  2 kobolds (D:1)
  7 rats
53 creatures vanquished.

Vanquished Creatures (collateral kills)
  Natasha (D:2)
1 creature vanquished.

Vanquished Creatures (others)
  3 plants (D:2)
3 creatures vanquished.

Grand Total: 57 creatures vanquished

Notes
Turn   | Place    | Note
-------+----------+-------------------------------------------
     0 | D:1      | Lekart the Draconian Chaos Knight began the quest for the
                  | Orb.
     0 | D:1      | Reached XP level 1. HP: 19/19 MP: 1/1
    37 | D:1      | XOM: potion effect (invisibility)
    60 | D:1      | Found a faded altar of an unknown god.
    79 | D:1      | Reached XP level 2. HP: 14/26 MP: 2/2
   536 | D:1      | XOM: 1-stop teleportation journey
   550 | D:1      | XOM: cast spell 'Dispersal'
   595 | D:1      | XOM: stat loss: -1 Str (13/14)
   648 | D:1      | Reached XP level 3. HP: 33/33 MP: 3/3
  1294 | D:2      | Found a snail-covered altar of Cheibriados.
  1419 | D:2      | XOM: draining
  1518 | D:2      | Noticed Natasha
  1520 | D:2      | XOM: summons 3 friendly demons
  1527 | D:2      | Killed Natasha
  1528 | D:2      | Reached XP level 4. HP: 23/37 MP: 4/4
  1683 | D:2      | Noticed Natasha
  1700 | D:2      | Slain by Natasha

Illustrated notes

Levels and vault maps discovered:
D:1:      minmay_arrival_cross, layout_loops_ring,
          hellmonk_ecumenical_altar_arch_garden
D:2:      cheibrodos_old_hovel, layout_basic, basic_altar, minivault_14,
          serial_bayou_pond_a, uniq_natasha

Skill      XL: |  1  2  3 |
---------------+----------+-----
Fighting       | 4 |  4.2
Axes           | 4 |  4.1
Dodging        | |  2.5
Stealth        | |  0.6

Action                   |  1- 3 |  4- 6 || total
-------------------------+-------+-------++-------
Melee: Hand axe          |   122 |    11 ||   133
       Tailslap          |     7 |     2 ||     9
  Use: Potion            |       |     1 ||     1
 Stab: Invisible         |     1 |       ||     1
       Confused          |     1 |     2 ||     3
       Sleeping          |     1 |       ||     1
Armor: Skin              |    36 |     1 ||    37
Dodge: Dodged            |   101 |     6 ||   107

Table legend: (Time is in decaauts)
 A = Elapsed time spent in this place.
 B = Non-inter-level travel time spent in this place.
 C = Inter-level travel time spent in this place.
 D = Time resting spent in this place.
 E = Time spent auto-exploring this place.
 F = Levels seen in this place.
 G = Mean time per level.
                   A        B        C        D        E       F      G
               +--------+--------+--------+--------+--------+-----+--------+
         Total |   1730 |   1704 |     26 |    138 |   1224 |   2 |  865.0 |
       Dungeon |   1730 |   1704 |     26 |    138 |   1224 |   2 |  865.0 |
               +--------+--------+--------+--------+--------+-----+--------+

Top non-repeatable levels by time:
     D:1: 870 daAuts
     D:2: 860 daAuts
